 Dungeon Crawl Stone Soup version 0.28-a0-94-g325244837d (webtiles) character file.

Game seed: 13879065347905983368

7 akrobin the Skirmisher (level 1, -4/21 HPs)
             Began as a Deep Dwarf Abyssal Knight on Aug 8, 2021.
             Was a Plaything of Xom.
             Killed from afar by a black draconian (25 damage)
             ... with a bolt of lightning
             ... on level 1 of the Abyss.
             The game lasted 00:02:05 (281 turns).

akrobin the Skirmisher (Deep Dwarf Abyssal Knight)   Turns: 281, Time: 00:02:06

Health: -4/21      AC:  1    Str: 15    XL:     1   Next: 91%
Magic:  2/2        EV: 11    Int: 10    God:    Xom [*.....]
Gold:   0          SH:  0    Dex: 12    Spells: 0/0 levels left

rFire   . . .      SeeInvis .   a - +1 falchion
rCold   . . .      Faith    .   (no shield)
rNeg    . . .      Spirit   .   b - +0 leather armour
rPois   .          Reflect  .   (no helmet)
rElec   .          Harm     .   (no cloak)
rCorr   .          Rampage  .   (no gloves)
Will    .....                   (no boots)
Stlth   +.........              (no amulet)
HPRegen 0.00/turn               (no ring)
MPRegen 0.08/turn               (no ring)

@: very slightly contaminated
A: damage resistance, heal wounds, sense surroundings 1, no regeneration,
deformed body, dopey 1
a: Heal Wounds, Renounce Religion


You were on level 1 of the Abyss.
You worshipped Xom.
You were a special plaything of Xom.
You visited 0 branches of the dungeon, and saw 0 of its levels.
You visited the Abyss 1 time.

Inventory:

Hand Weapons
 a - a +1 falchion (weapon)
Armour
 b - a +0 leather armour (worn)
Jewellery
 c - an amulet of guardian spirit
Scrolls
 d - 2 scrolls of fear


   Skills:
 + Level 3.0 Fighting
 + Level 2.1 Long Blades
 + Level 2.3 Armour
 + Level 1.1 Dodging
 + Level 2.5 Invocations


You couldn't memorise any spells.
You didn't know any spells.
Your spell library was empty.

Dungeon Overview and Level Annotations

Branches:
Dungeon (0/15)

Altars:


Innate Abilities, Weirdness & Mutations

You are resistant to damage.
You can heal yourself by infusing magical energy.
You passively map a small area around you.
You do not regenerate.
Armour fits poorly on your strangely shaped body.
You are dopey. (Int -2)


Message History

The white imp laughs crazily.
Okay, then.
Xom asks Qazlal to spice things up a little.
Your butterfly disappears in a puff of smoke!
You hit the white imp.
The white imp is severely wounded.
The white imp gestures at you. The puff of frost misses you.
You hit the white imp.
You kill the white imp!
The black draconian breathes lightning at something.
Your Fighting skill increases to level 3!
The black draconian breathes lightning at something.
The black draconian breathes lightning at you.
The bolt of lightning hits you!!
Ouch! That really hurt!
* * * LOW HITPOINT WARNING * * *
Xom roars with laughter!
A small abomination comes into view.
Found a corrupted altar of Lugonu.
The black draconian breathes lightning at something.
You hear Xom's avuncular chuckle.
Your body is suffused with distortional energy.
You feel stupid.
Your body twists and deforms.
You feel much better. "Hum-dee-hum-dee-hum..."
The black draconian is charmed.
You are now a special plaything of Xom.
You swap places.
You flicker for a moment.
There is a corrupted altar of Lugonu here.
Xom pokes at a nearby gate.
The corrupted altar of Lugonu slides away from you!
You flicker back into view.
The black draconian is no longer charmed.
The black draconian breathes lightning at you.
The bolt of lightning hits you!!
Ouch! That really hurt!
You die...
Xom cackles wildly!

## #.# #..# ## #
..###.## ##. #
#.#.#..# #.# #..##
#.#.#d.###..... #
...####...#.@....#
.
...#...#.#.##≈≈#≈#
#. #.#..##.##≈ #♣
#.###......## ##
###.... #.###.#
#.#....#≈.## #
#.## ..#....... .#
#.. ......# .
#.#....#..#.#...#


You could see a black draconian (catching breath).

Vanquished Creatures
  A white imp (Abyss:1)
1 creature vanquished.

Notes
Turn   | Place    | Note
-------+----------+-------------------------------------------
     0 | Abyss:1  | akrobin the Deep Dwarf Abyssal Knight began the quest for
                  | the Orb.
     0 | Abyss:1  | Reached XP level 1. HP: 20/20 MP: 2/2
    36 | Abyss:1  | Found a shimmering altar of Xom.
    40 | Abyss:1  | Fell from the grace of Lugonu
    40 | Abyss:1  | Became a worshipper of Xom of Chaos
    79 | Abyss:1  | Found a corrupted altar of Lugonu.
   181 | Abyss:1  | Noticed a black draconian
   196 | Abyss:1  | Noticed a small abomination
   199 | Abyss:1  | XOM: butterfly on damage
   208 | Abyss:1  | XOM: potion effect (invisibility)
   217 | Abyss:1  | XOM: fog
   242 | Abyss:1  | Reached skill level 3 in Fighting
   250 | Abyss:1  | Noticed a small abomination
   252 | Abyss:1  | Found a corrupted altar of Lugonu.
   255 | Abyss:1  | XOM: give mutations
   255 | Abyss:1  | Gained mutation: You are dopey. (Int -2) [Xom's mischief]
   255 | Abyss:1  | Gained mutation: Armour fits poorly on your strangely
                  | shaped body. [Xom's mischief]
   257 | Abyss:1  | XOM: enchant monster (good)
   266 | Abyss:1  | XOM: repel stairs
   281 | Abyss:1  | Killed from afar by a black draconian

Illustrated notes

Levels and vault maps discovered:
Abyss:1:  base: Temple, minivault_25, base:
Temple

Skill      XL: |  1 |
---------------+----+-----
Fighting       | 3 |  3.0
Long Blades    | |  2.1
Armour         | |  2.3
Dodging        | |  1.1
Invocations    | |  2.5

Action                   || total
-------------------------++-------
Melee: Falchion          ||     5
 Abil: Heal Wounds       ||     4
  Use: Scroll            ||     1
Armor: Leather armour    ||     2
Dodge: Dodged            ||     4
       Rpst.: Falchion   ||     1

Table legend: (Time is in decaauts)
 A = Elapsed time spent in this place.
 B = Non-inter-level travel time spent in this place.
 C = Inter-level travel time spent in this place.
 D = Time resting spent in this place.
 E = Time spent auto-exploring this place.
 F = Levels seen in this place.
 G = Mean time per level.
                   A        B        C        D        E       F      G
               +--------+--------+--------+--------+--------+-----+--------+
         Total |    282 |    282 |      0 |      0 |     46 |   1 |  282.0 |
         Abyss |    282 |    282 |      0 |      0 |     46 |   1 |  282.0 |
               +--------+--------+--------+--------+--------+-----+--------+

Top non-repeatable levels by time:
 Abyss:1: 282 daAuts
